 Dungeon Crawl Stone Soup version 0.19-b1-5-gdc9fa9d (webtiles) character file.

99 PhynixH2O the Skirmisher (level 4, -5/38 HPs)
             Began as a Draconian Skald on Oct 31, 2016.
             Killed by nerve-wracking pain
             ... invoked by an orc priest
              (11 damage)
             ... on level 3 of the Dungeon.
             The game lasted 00:15:39 (1815 turns).

PhynixH2O the Skirmisher (Draconian Skald)          Turns: 1815, Time: 00:15:40

Health: -5/38      AC:  5    Str: 11 (14) XL:     4   Next: 45%
Magic:  6/7        EV: 12    Int: 11 (12) God:
Gold:   123        SH:  0    Dex:  9 (12) Spells: 2 memorised, 4 levels left

rFire  . . .     SeeInvis .     a - +0 hand axe
rCold  + . .     Gourm    .     (armour unavailable)
rNeg   . . .     Faith    .     (no shield)
rPois  .         Spirit   .     (helmet restricted)
rElec  .         Reflect  .     (no cloak)
rCorr  .         Harm     .     (no gloves)
MR     .....                    (no boots)
Stlth  +.........               (no amulet)
                                (no ring)
                                l - ring of protection from cold

@: very slightly contaminated
A: unfitting armour, cold-blooded, AC +5
a: no special abilities


You were on level 3 of the Dungeon.
You were not hungry.

You visited 1 branch of the dungeon, and saw 3 of its levels.

You collected 123 gold pieces.

Inventory:

Hand Weapons
 a - a +0 hand axe (weapon)
Missiles
 n - 3 tomahawks of returning (quivered)
Jewellery
 l - a ring of protection from cold (left hand)
Scrolls
 g - 3 scrolls of identify {unknown}
 h - a scroll of fog {unknown}
 j - 2 scrolls of amnesia {unknown}
 k - 2 scrolls of remove curse {unknown}
 o - a scroll of random uselessness {unknown}
 r - a scroll of enchant weapon {unknown}
Potions
 d - a potion of brilliance {unknown}
 e - a potion of haste {unknown}
 i - a potion of agility {unknown}
 m - a potion of invisibility {unknown}
Books
 b - a book of Battle

   Spells                             Type                      Level
   a - Infusion                       Charms                       1
   b - Shroud of Golubria             Charms/Translocation         2
   c - Song of Slaying                Charms                       2
   d - Spectral Weapon                Hexes/Charms                 3
   e - Regeneration                   Charms/Necromancy            3
Comestibles
 c - 2 bread rations
 f - a meat ration
 p - 10 chunks of flesh


   Skills:
 + Level 3.4 Fighting
 + Level 2.8 Axes
 - Level 2.1 Dodging
 + Level 2.3 Spellcasting
 - Level 3.0 Charms


You had 4 spell levels left.
You knew the following spells:

 Your Spells              Type           Power        Failure   Level  Hunger
a - Infusion              Chrm           #...         10%         1    ##.....
b - Shroud of Golubria    Chrm/Tloc      #.........   24%         2    ###....


Dungeon Overview and Level Annotations

Branches:
Dungeon (3/15)

Altars:
Ashenzari

Annotations:
D:3 Jessica


Innate Abilities, Weirdness & Mutations

Your plain brown scales are hard. (AC +5)
You cannot fit into any form of body armour.
You are cold-blooded and may be slowed by cold attacks.


Message History

You miscast Infusion.
You are very lightly contaminated with residual magic.
Your skin glows momentarily.
Some of the chunks of flesh in your inventory have rotted away.
You barely miss the orc priest.
The orc priest hits you with a hand axe.
* * * LOW HITPOINT WARNING * * *
You hit the orc priest.
The orc priest is lightly wounded.
The orc priest closely misses you.
You closely miss the orc priest.
The orc priest is lightly wounded.
The orc priest calls down the wrath of Beogh upon you.
Pain shoots through your body!
* * * LOW HITPOINT WARNING * * *
You closely miss the orc priest.
The orc priest is lightly wounded.
The orc priest invokes the aid of Beogh against you.
Pain shoots through your body!
You die...

. .w ... .... #### .....
##..#
......###..###########
#...w...ooo@.....####
o.$..o##..##########..).#
#### o#........# ####.#
...# ..S##.###.#
#.####...# #. # ..#
######..##....# # ..#
#...........<.# .#.#
)..#..##........ ....
....# ####.###. ####
##........


You could see a worm, an orc priest and 2 orcs.

Vanquished Creatures
  Terence (D:2)
  An adder (D:2)
  A worm (D:2)
  4 leopard geckos
  2 orcs (D:3)
  8 bats
  4 giant cockroaches
  4 goblins
  7 hobgoblins
  4 jackals (D:3)
  A quokka (D:2)
  A frilled lizard (D:3)
  5 kobolds
  7 rats
50 creatures vanquished.

Notes
Turn   | Place    | Note
-------+----------+-------------------------------------------
     0 | D:1      | PhynixH2O the Draconian Skald began the quest for the Orb.
     0 | D:1      | Reached XP level 1. HP: 17/17 MP: 3/3
   211 | D:1      | Reached XP level 2. HP: 20/25 MP: 5/5
   919 | D:2      | Reached XP level 3. HP: 16/30 MP: 6/6
   942 | D:2      | Learned a level 2 spell: Shroud of Golubria
  1266 | D:2      | Found a shattered altar of Ashenzari.
  1338 | D:2      | Noticed Terence
  1386 | D:2      | HP: 1/30 [Terence/short sword (4)]
  1474 | D:2      | Killed Terence
  1474 | D:2      | Reached XP level 4. HP: 13/38 MP: 5/7
  1547 | D:2      | HP: 1/38 [kobold/stone (3)]
  1757 | D:3      | Noticed Jessica
  1815 | D:3      | Killed from afar by an orc priest

Skill      XL: |  1  2  3 |
---------------+----------+-----
Charms         | 3 |  3.0
Dodging        | 2 |  2.1
Fighting       | 3 |  3.4
Axes           | |  2.8
Spellcasting   | |  2.3

Action                   |  1- 3 |  4- 6 || total
-------------------------+-------+-------++-------
Melee: Hand axe          |   114 |    61 ||   175
       Tailslap          |    16 |     5 ||    21
 Cast: Infusion          |     2 |     2 ||     4
       Shroud of Golubri |     1 |       ||     1
  Use: Potion            |       |     2 ||     2
 Stab: Sleeping          |     1 |       ||     1
  Eat: Chunk             |     1 |     2 ||     3
Armor: Skin              |    33 |    20 ||    53
Dodge: Dodged            |    85 |    50 ||   135
